 Dungeon Crawl Stone Soup version 0.22-a0-305-gd21a89c (webtiles) character file.

31 vishdafish the Skirmisher (level 3, 0/29 HPs)
             Began as a Demonspawn Fighter on Mar 30, 2018.
             Slain by an adder (4 damage)
             ... on level 2 of the Dungeon.
             The game lasted 00:01:50 (565 turns).

vishdafish the Skirmisher (Demonspawn Fighter)       Turns: 565, Time: 00:01:50

Health: 0/29       AC:  6    Str: 21    XL:     3   Next: 7%
Magic:  3/3        EV:  7    Int:  9    God:
Gold:   53         SH:  9    Dex: 13    Spells: 2/2 levels left

rFire    . . .     SeeInvis .   a - +0 long sword
rCold    + . .     Gourm    .   c - +0 shield
rNeg     . . .     Faith    .   b - +0 scale mail
rPois    .         Spirit   .   (no helmet)
rElec    .         Reflect  .   (no cloak)
rCorr    .         Harm     .   (no gloves)
MR       .....                  (no boots)
Stlth    ..........             (no amulet)
HPRegen  0.09/turn              (no ring)
MPRegen  0.08/turn              (no ring)

@: mighty, lethally poisoned (0 -> -10), flying
A: claws 1, cold resistance 1
a: no special abilities


You were on level 2 of the Dungeon.
You were not hungry.

You visited 1 branch of the dungeon, and saw 2 of its levels.

You collected 53 gold pieces.

Inventory:

Hand Weapons
 a - a +0 long sword (weapon)
Armour
 b - a +0 scale mail (worn)
 c - a +0 shield (worn)
Scrolls
 e - 5 scrolls of identify {unknown}
 h - a scroll of remove curse {unknown}
 i - a scroll of amnesia {unknown}
 j - a scroll of fog {unknown}
 k - 2 scrolls of teleportation {unknown}
Comestibles
 f - 2 rations


   Skills:
 + Level 3.3 Fighting
 - Level 2.0 Long Blades
 + Level 3.0 Armour
 + Level 3.0 Shields
 + Level 0.6 Unarmed Combat


You had 2 spell levels left.
You didn't know any spells.

Dungeon Overview and Level Annotations

Branches:
Dungeon (2/15)

Altars:
Ashenzari


Innate Abilities, Weirdness & Mutations

You have sharp fingernails.
Your flesh is cold resistant. (rC+)


Message History

The adder bites you but does no damage.
You closely miss the adder.
The adder is heavily wounded.
You feel sick. The adder bites you.
* * * LOW HITPOINT WARNING * * *
You barely miss the adder.
The adder is heavily wounded.
The adder bites you but does no damage. You block the adder's attack.
You closely miss the adder.
The adder is heavily wounded.
You feel sick. The adder bites you.
* * * LOW HITPOINT WARNING * * *
You are lethally poisoned!
The adder poisons you! The adder bites you.
* * * LOW HITPOINT WARNING * * *
You closely miss the adder.
The adder is heavily wounded.
* * * LOW HITPOINT WARNING * * *
You feel sick. The adder bites you.
You die...

####... ..."...
....... #..
....... #.#
....... #.#
.......
#.#####.......
#.##.@Sg......
#.##.######.#. #
#.##.#<#..#
#.#####'##.#.#..#
#..........#.#..#
##.........#....#
##.........###.##
............)..#
........########


You could see an adder and a goblin.

Vanquished Creatures
  3 dart slugs (D:1)
  A leopard gecko (D:1)
  2 giant cockroaches (D:1)
  4 goblins (D:1)
  3 hobgoblins (D:1)
  4 jackals (D:1)
  A bat (D:1)
  A frilled lizard (D:1)
  A kobold (D:2)
  3 rats (D:1)
23 creatures vanquished.

Notes
Turn   | Place    | Note
-------+----------+-------------------------------------------
     0 | D:1      | vishdafish the Demonspawn Fighter began the quest for the Orb.
     0 | D:1      | Reached XP level 1. HP: 18/18 MP: 1/1
   100 | D:1      | Gained mutation: You have sharp fingernails. [demonic ancestry]
   100 | D:1      | Reached XP level 2. HP: 24/24 MP: 2/2
   338 | D:1      | Found a shattered altar of Ashenzari.
   394 | D:1      | Gained mutation: Your flesh is cold resistant. (rC+) [demonic ancestry]
   394 | D:1      | Reached XP level 3. HP: 23/29 MP: 3/3
   565 | D:2      | Slain by an adder

Vault maps used:
D:1:      dpeg_arrival_arbitrary_a, grunt_decor_one_mirror, ashenzari_altar_1
D:2:      nemelex_xobeh_ov_fountains_minmay, grunt_ministairs_7, minmay_cut_off,
          uniq_jessica

Skill      XL: |  1  2 |
---------------+-------+-----
Long Blades    | 2 |  2.0
Armour         | 3 |  3.0
Shields        | 3 |  3.0
Fighting       | |  3.3
Unarmed Combat | |  0.6

Action                   || total
-------------------------++-------
Melee: Long sword        ||   109
  Use: Potion            ||     3
Armor: Scale mail        ||    53
Dodge: Dodged            ||    29
Block: Shield            ||    62
       Rpst.: Long sword ||     6

Table legend:
 A = Spawn XP
 B = Non-spawn XP
 C = Spawn XP percentage of total XP
 D = Spawn monster count
 E = Non-spawn monster count
 F = Spawn count percentage of total count
 G = Total turns spent on level
                    A         B        C        D         E        F      G
               +---------+---------+-------+---------+---------+-------+---------
         Total |       0 |      45 |   0.0 |       0 |      23 |   0.0 |   565
               +---------+---------+-------+---------+---------+-------+---------
           D:1 |       0 |      44 |   0.0 |       0 |      22 |   0.0 |   515
           D:2 |       0 |       1 |   0.0 |       0 |       1 |   0.0 |    50
               +---------+---------+-------+---------+---------+-------+---------
